| TOP OF THE 1ST |
|
Quad Cities River Bandits batting - Pitching for Bowling Green Hot Rods : RHP David Zupon
|
|
Pitching: RHP David Zupon
|
|
|
Batting: RHB Xavier Castaneda
|
0-0: Called Strike 0-1: Ball 1-1: Called Strike 1-2: Ball 2-2: Fly out, F2 (Popup, 2LF, EV 88.1 MPH)
|
|
Batting: RHB Nick Deegan
|
0-0: Called Strike 0-1: Foul Ball, location: 2F 0-2: Ball 1-2: Foul Ball, location: 2F 1-2: Foul Ball, location: 2F 1-2: Strikes out swinging
|
|
Batting: RHB Elijah Hunter
|
0-0: Fly out, F7 (Flyball, 7, EV 86.2 MPH)
|
| Top of the 1st over - 0 runs, 0 hits, 0 errors, 0 left on base; Quad Cities 0 - Bowling Green 0 |
| BOTTOM OF THE 1ST |
|
Bowling Green Hot Rods batting - Pitching for Quad Cities River Bandits : LHP Dzintars Balodis
|
|
Pitching: LHP Dzintars Balodis
|
|
|
Batting: RHB James Huddleston
|
0-0: Foul Ball, location: 2F 0-1: Ball 1-1: Called Strike 1-2: Ball 2-2: Fly out, F7 (Flyball, 7LD, EV 95.6 MPH)
|
|
Batting: RHB Adam Kaeser
|
0-0: Ball 1-0: Called Strike 1-1: Foul Ball, location: 2F 1-2: Fly out, F9 (Flyball, 89M, EV 88.8 MPH)
|
|
Batting: RHB Chris Thorson
|
0-0: Called Strike 0-1: Foul Ball, location: 2F 0-2: Ball 1-2: Strikes out swinging
|
| Bottom of the 1st over - 0 runs, 0 hits, 0 errors, 0 left on base; Quad Cities 0 - Bowling Green 0 |
| TOP OF THE 2ND |
|
Quad Cities River Bandits batting - Pitching for Bowling Green Hot Rods : RHP David Zupon
|
|
Batting: RHB Juan Mendoza
|
0-0: Ball 1-0: Ground out 6-3 (Groundball, 6, EV 101.9 MPH)
|
|
Batting: LHB Josh Birkner
|
0-0: Ball 1-0: Ball 2-0: Called Strike 2-1: Foul Ball, location: 2F 2-2: Strikes out swinging
|
|
Batting: RHB Ryan Salas
|
0-0: SINGLE (Groundball, 56D, EV 97.5 MPH)
|
|
Batting: LHB Danny Wolver
|
0-0: Called Strike 0-1: Ball 1-1: Foul Ball, location: 2F 1-2: Ball 2-2: Foul Ball, location: 2F 2-2: Ball 3-2: Ground out 4-3 (Groundball, 4, EV 100.0 MPH)
|
| Top of the 2nd over - 0 runs, 1 hit, 0 errors, 1 left on base; Quad Cities 0 - Bowling Green 0 |
| BOTTOM OF THE 2ND |
|
Bowling Green Hot Rods batting - Pitching for Quad Cities River Bandits : LHP Dzintars Balodis
|
|
Batting: LHB Darryl Gonnella
|
0-0: Ball 1-0: Fly out, F8 (Flyball, 89D, EV 100.0 MPH)
|
|
Batting: LHB Harris Vink
|
0-0: Swinging Strike 0-1: Ball 1-1: Ball 2-1: Foul Ball, location: 2F 2-2: Strikes out swinging
|
|
Batting: RHB Eric Waugaman
|
0-0: Ball 1-0: Called Strike 1-1: Ball 2-1: Ball 3-1: SINGLE (Line Drive, 9S, EV 92.5 MPH)
|
|
Batting: LHB Tony Zizumbo
|
0-0: Ball 1-0: Ball 2-0: Ball 3-0: Called Strike 3-1: Base on Balls Eric Waugaman to second
|
|
Batting: RHB Dusty Camelli
|
0-0: Called Strike 0-1: Ball 1-1: Swinging Strike 1-2: Ball 2-2: Ball 3-2: Strikes out swinging
|
| Bottom of the 2nd over - 0 runs, 1 hit, 0 errors, 2 left on base; Quad Cities 0 - Bowling Green 0 |
| TOP OF THE 3RD |
|
Quad Cities River Bandits batting - Pitching for Bowling Green Hot Rods : RHP David Zupon
|
|
Batting: RHB Jordan Williams
|
0-0: Ball 1-0: SINGLE (Groundball, 6D, EV 102.5 MPH)
|
|
Batting: RHB Kieron Clark
|
0-0: Called Strike 0-1: Ball 1-1: Swinging Strike 1-2: Ball 2-2: Strikes out swinging
|
|
Batting: RHB Xavier Castaneda
|
0-0: Ball 1-0: Fly out, F2 (Popup, 23F, EV 89.4 MPH)
|
|
Batting: RHB Nick Deegan
|
0-0: Called Strike 0-1: Ball 1-1: Ball 2-1: Swinging Strike 2-2: Strikes out swinging
|
| Top of the 3rd over - 0 runs, 1 hit, 0 errors, 1 left on base; Quad Cities 0 - Bowling Green 0 |
| BOTTOM OF THE 3RD |
|
Bowling Green Hot Rods batting - Pitching for Quad Cities River Bandits : LHP Dzintars Balodis
|
|
Batting: LHB Jeremy Burton
|
0-0: Ground out 4-3 (Groundball, 34, EV 93.1 MPH)
|
|
Batting: RHB James Huddleston
|
0-0: Foul Ball, location: 2F 0-1: Foul Ball, location: 2F 0-2: Strikes out swinging
|
|
Batting: RHB Adam Kaeser
|
0-0: Ball 1-0: Fly out, F8 (Flyball, 78M, EV 83.1 MPH)
|
| Bottom of the 3rd over - 0 runs, 0 hits, 0 errors, 0 left on base; Quad Cities 0 - Bowling Green 0 |
| TOP OF THE 4TH |
|
Quad Cities River Bandits batting - Pitching for Bowling Green Hot Rods : RHP David Zupon
|
|
Batting: RHB Elijah Hunter
|
0-0: Called Strike 0-1: Ground out 6-3 (Groundball, 6, EV 103.8 MPH)
|
|
Batting: RHB Juan Mendoza
|
0-0: DOUBLE (Line Drive, 8RXD, EV 103.8 MPH)
|
|
Batting: LHB Josh Birkner
|
0-0: Swinging Strike 0-1: Ball 1-1: Ball 2-1: Ball 3-1: Called Strike 3-2: Base on Balls
|
|
Batting: RHB Ryan Salas
|
0-0: Grounds into double play, U5-3 (Groundball, 5L, EV 83.1 MPH)
|
| Top of the 4th over - 0 runs, 1 hit, 0 errors, 1 left on base; Quad Cities 0 - Bowling Green 0 |
| BOTTOM OF THE 4TH |
|
Bowling Green Hot Rods batting - Pitching for Quad Cities River Bandits : LHP Dzintars Balodis
|
|
Batting: RHB Chris Thorson
|
0-0: Ball 1-0: Ball 2-0: Ball 3-0: Base on Balls
|
|
Batting: LHB Darryl Gonnella
|
0-0: Ball Chris Thorson steals 2nd, throwing error, E2 Chris Thorson to third 1-0: Called Strike 1-1: Ball 2-1: Called Strike 2-2: Foul Ball, location: 2F 2-2: Ball 3-2: Base on Balls
|
|
Batting: LHB Harris Vink
|
0-0: Called Strike 0-1: Ball Pickoff Throw to First - Error! E1 Chris Thorson scores Darryl Gonnella to second 1-1: Swinging Strike 1-2: Strikes out swinging
|
|
Batting: RHB Eric Waugaman
|
0-0: Ball 1-0: Foul Ball, location: 2F 1-1: Foul Ball, location: 2F 1-2: Ball 2-2: SINGLE (Groundball, 56S, EV 68.1 MPH) (infield hit) Darryl Gonnella to third
|
|
Batting: LHB Tony Zizumbo
|
0-0: Ball 1-0: Foul Ball, location: 2F 1-1: Ball Eric Waugaman is caught stealing 2nd base 2-6 2-1: Ball 3-1: SINGLE (Line Drive, 89M, EV 91.2 MPH) Darryl Gonnella scores
|
|
Batting: RHB Dusty Camelli
|
0-0: Ball 1-0: Ball Tony Zizumbo steals 2nd base 2-0: Ball 3-0: Base on Balls
|
|
Batting: LHB Jeremy Burton
|
0-0: Called Strike Balk! Tony Zizumbo to third Dusty Camelli to second 0-1: Called Strike 0-2: Ball 1-2: Fly out, F9 (Line Drive, 89M, EV 96.2 MPH)
|
| Bottom of the 4th over - 2 runs, 2 hits, 2 errors, 2 left on base; Quad Cities 0 - Bowling Green 2 |
| TOP OF THE 5TH |
|
Quad Cities River Bandits batting - Pitching for Bowling Green Hot Rods : RHP David Zupon
|
|
Batting: LHB Danny Wolver
|
0-0: Fly out, F5 (Popup, 5S, EV 68.1 MPH)
|
|
Batting: RHB Jordan Williams
|
0-0: Fly out, F9 (Flyball, 9LS, EV 87.5 MPH)
|
|
Batting: RHB Kieron Clark
|
0-0: Called Strike 0-1: Ball 1-1: Called Strike 1-2: Ball 2-2: Ball 3-2: Base on Balls
|
|
Batting: RHB Xavier Castaneda
|
0-0: Ball 1-0: Foul Ball, location: 2F 1-1: Called Strike 1-2: Strikes out swinging
|
| Top of the 5th over - 0 runs, 0 hits, 0 errors, 1 left on base; Quad Cities 0 - Bowling Green 2 |
| BOTTOM OF THE 5TH |
|
Bowling Green Hot Rods batting - Pitching for Quad Cities River Bandits : LHP Dzintars Balodis
|
|
Batting: RHB James Huddleston
|
0-0: Called Strike 0-1: Called Strike 0-2: Ball 1-2: Ball 2-2: Foul Ball, location: 2F 2-2: Foul Ball, location: 2F 2-2: Fly out, F9 (Line Drive, 9LM, EV 97.5 MPH)
|
|
Batting: RHB Adam Kaeser
|
0-0: Ball 1-0: Ball 2-0: Ball 3-0: Called Strike 3-1: Called Strike 3-2: Base on Balls
|
|
Batting: RHB Chris Thorson
|
0-0: Ball 1-0: Called Strike 1-1: Foul Ball, location: 2F 1-2: Ball 2-2: Ball 3-2: Foul Ball, location: 2F 3-2: Base on Balls Adam Kaeser to second
|
|
Batting: LHB Darryl Gonnella
|
0-0: Called Strike 0-1: Ball 1-1: Foul Ball, location: 2F 1-2: Foul Ball, location: 2F 1-2: Ball 2-2: Strikes out looking
|
|
Batting: LHB Harris Vink
|
0-0: Ground out 5-3 (Groundball, 5L, EV 83.8 MPH)
|
| Bottom of the 5th over - 0 runs, 0 hits, 0 errors, 2 left on base; Quad Cities 0 - Bowling Green 2 |
| TOP OF THE 6TH |
|
Quad Cities River Bandits batting - Pitching for Bowling Green Hot Rods : RHP David Zupon
|
|
Batting: RHB Nick Deegan
|
0-0: DOUBLE (Flyball, 8RD, EV 86.9 MPH)
|
|
Batting: RHB Elijah Hunter
|
0-0: Ball 1-0: Swinging Strike 1-1: Fly out, F4 (Popup, 13, EV 79.4 MPH)
|
|
Batting: RHB Juan Mendoza
|
0-0: Called Strike 0-1: Called Strike 0-2: Ground out 1-3 (Groundball, 15S, EV 75.6 MPH)
|
|
Batting: LHB Josh Birkner
|
0-0: Foul Ball, location: 2F 0-1: Foul Ball, location: 2F 0-2: Foul Ball, location: 2F 0-2: Ball 1-2: Fly out, F9 (Flyball, 9, EV 83.1 MPH)
|
| Top of the 6th over - 0 runs, 1 hit, 0 errors, 1 left on base; Quad Cities 0 - Bowling Green 2 |
| BOTTOM OF THE 6TH |
|
Bowling Green Hot Rods batting - Pitching for Quad Cities River Bandits : LHP Dzintars Balodis
|
|
Batting: RHB Eric Waugaman
|
0-0: SINGLE (Groundball, 6D, EV 96.9 MPH)
|
|
Batting: LHB Tony Zizumbo
|
0-0: Ball 1-0: Fly out, F8 (Flyball, 8LD, EV 93.8 MPH)
|
|
Pitching: RHP Arsène Serre
|
|
|
Batting: RHB Dusty Camelli
|
0-0: SINGLE (Flyball, 9LS, EV 93.1 MPH) Eric Waugaman to second Runner from 2nd tries for 3rd, SAFE, throw by RF made to third
|
|
Batting: LHB Jeremy Burton
|
0-0: Ball 1-0: Called Strike 1-1: Ground out 5-3 (Groundball, 56S, EV 93.8 MPH) Dusty Camelli to second
|
|
Batting: RHB James Huddleston
|
0-0: Called Strike 0-1: Ball 1-1: Ball 2-1: Ball 3-1: Foul Ball, location: 2F 3-2: Foul Ball, location: 2F 3-2: Foul Ball, location: 2F 3-2: SINGLE (Flyball, 8RS, EV 87.5 MPH) Eric Waugaman scores Dusty Camelli to third Runner from 3rd tries for Home, SAFE, throw by CF to home
|
|
Batting: RHB Adam Kaeser
|
0-0: Ball James Huddleston is caught stealing 2nd base 2-4
|
| Bottom of the 6th over - 2 runs, 3 hits, 0 errors, 0 left on base; Quad Cities 0 - Bowling Green 4 |
| TOP OF THE 7TH |
|
Quad Cities River Bandits batting - Pitching for Bowling Green Hot Rods : RHP David Zupon
|
|
Batting: RHB Ryan Salas
|
0-0: Called Strike 0-1: Called Strike 0-2: Fly out, F7 (Flyball, 7D, EV 100.0 MPH)
|
|
Batting: LHB Danny Wolver
|
0-0: Swinging Strike 0-1: Ball 1-1: Ball 2-1: Called Strike 2-2: Strikes out swinging
|
|
Batting: RHB Jordan Williams
|
0-0: Ball 1-0: SINGLE (Groundball, 5S, EV 71.2 MPH) (infield hit)
|
|
Batting: RHB Kieron Clark
|
0-0: Ball 1-0: Ball Wild Pitch! Jordan Williams to second 2-0: Foul Ball, location: 2F 2-1: Foul Ball, location: 2F 2-2: Foul Ball, location: 2F 2-2: Ball 3-2: Foul Ball, location: 2F 3-2: Foul Ball, location: 2F 3-2: Base on Balls
|
|
Batting: RHB Xavier Castaneda
|
0-0: Called Strike 0-1: Called Strike 0-2: Ball 1-2: DOUBLE (Groundball, 5L, EV 98.8 MPH) Jordan Williams scores Kieron Clark to third
|
|
Pitching: RHP Cameron Bianchi
|
|
|
Batting: RHB Nick Deegan
|
0-0: SINGLE (Line Drive, 7S, EV 104.4 MPH) Kieron Clark scores Xavier Castaneda to third Runner from 3rd tries for Home, SAFE, throw by LF to home Nick Deegan to second
|
|
Batting: RHB Elijah Hunter
|
0-0: Ball 1-0: Ball 2-0: Ball 3-0: Base on Balls
|
|
Batting: RHB Juan Mendoza
|
0-0: Called Strike 0-1: Fielders Choice at 2nd, 6-4 (Groundball, 6, EV 87.5 MPH)
|
| Top of the 7th over - 3 runs, 3 hits, 0 errors, 2 left on base; Quad Cities 3 - Bowling Green 4 |
| BOTTOM OF THE 7TH |
|
Bowling Green Hot Rods batting - Pitching for Quad Cities River Bandits : RHP Arsène Serre
|
|
Pitching: RHP Chris Miles
|
|
|
Batting: RHB Adam Kaeser
|
0-0: Ball 1-0: Called Strike 1-1: Ground out 5-3 (Groundball, 56S, EV 79.4 MPH)
|
|
Batting: RHB Chris Thorson
|
0-0: Called Strike 0-1: Ball 1-1: Foul Ball, location: 2F 1-2: Foul Ball, location: 2F 1-2: Ball 2-2: Ball 3-2: Foul Ball, location: 2F 3-2: Base on Balls
|
|
Batting: LHB Darryl Gonnella
|
0-0: Foul Ball, location: 2F 0-1: Ball 1-1: TRIPLE (Line Drive, 9LD, EV 105.6 MPH) Chris Thorson scores
|
|
Batting: LHB Harris Vink
|
0-0: Intentional Walk
|
|
Batting: RHB Eric Waugaman
|
0-0: SINGLE (Groundball, 4MS, EV 73.1 MPH) (infield hit) Darryl Gonnella scores Harris Vink to second
|
|
Batting: LHB Tony Zizumbo
|
0-0: Ball Harris Vink steals 3rd base 1-0: Ball 2-0: Swinging Strike 2-1: Foul Ball, location: 2F 2-2: Foul Ball, location: 2F 2-2: Ball 3-2: Ground out 5-3 (Groundball, 5S, EV 86.9 MPH) Eric Waugaman to second
|
|
Pitching: RHP Robin Yelland
|
|
|
Batting: RHB Dusty Camelli
|
0-0: Ball 1-0: Fly out, F7 (Flyball, 7S, EV 87.5 MPH)
|
| Bottom of the 7th over - 2 runs, 2 hits, 0 errors, 2 left on base; Quad Cities 3 - Bowling Green 6 |
| TOP OF THE 8TH |
|
Quad Cities River Bandits batting - Pitching for Bowling Green Hot Rods : RHP Cameron Bianchi
|
|
Now in LF: Dan Marks
|
|
|
Now in RF: Jimmy Detrie
|
|
|
Batting: LHB Josh Birkner
|
0-0: Swinging Strike 0-1: Ball 1-1: Foul Ball, location: 2F 1-2: Ball 2-2: Ball 3-2: Foul Ball, location: 2F 3-2: Ground out 4-3 (Groundball, 4, EV 84.4 MPH)
|
|
Batting: RHB Ryan Salas
|
0-0: Ball 1-0: Ball 2-0: Swinging Strike 2-1: Called Strike 2-2: Ground out U3 (Groundball, 34, EV 86.2 MPH)
|
|
Batting: LHB Danny Wolver
|
0-0: Ground out 6-3 (Groundball, 56, EV 103.1 MPH)
|
| Top of the 8th over - 0 runs, 0 hits, 0 errors, 0 left on base; Quad Cities 3 - Bowling Green 6 |
| BOTTOM OF THE 8TH |
|
Bowling Green Hot Rods batting - Pitching for Quad Cities River Bandits : RHP Robin Yelland
|
|
Batting: LHB Jeremy Burton
|
0-0: SINGLE (Line Drive, 34D, EV 95.0 MPH)
|
|
Batting: RHB James Huddleston
|
0-0: Ball Jeremy Burton steals 2nd base 1-0: Ball 2-0: Called Strike 2-1: SINGLE (Groundball, 6MD, EV 104.4 MPH) Jeremy Burton to third Runner from 3rd tries for Home, SAFE, throw by CF to home James Huddleston to second
|
|
Batting: RHB Adam Kaeser
|
0-0: Ball 1-0: Called Strike 1-1: Foul Ball, location: 2F 1-2: Ball 2-2: Foul Ball, location: 2F 2-2: Foul Ball, location: 2F 2-2: Ball 3-2: Foul Ball, location: 2F 3-2: Fly out, F8 (Flyball, 89M, EV 88.1 MPH)
|
|
Batting: RHB Chris Thorson
|
0-0: Foul Ball, location: 2F 0-1: Called Strike James Huddleston steals 3rd base 0-2: Ball 1-2: SINGLE (Groundball, 25, EV 66.9 MPH) (infield hit)
|
|
Batting: RHB Dan Marks
|
0-0: Called Strike 0-1: TRIPLE (Line Drive, 8RXD, EV 108.8 MPH) James Huddleston scores Chris Thorson scores
|
|
Batting: LHB Jimmy Detrie
|
0-0: Foul Ball, location: 2F 0-1: Swinging Strike 0-2: Ground out 6-3 (Groundball, 6, EV 110.0 MPH) Dan Marks scores
|
|
Batting: RHB Eric Waugaman
|
0-0: SINGLE (Line Drive, 89M, EV 103.1 MPH)
|
|
Batting: LHB Tony Zizumbo
|
0-0: Ball 1-0: Ball 2-0: Ball 3-0: Called Strike 3-1: SINGLE (Groundball, 4MD, EV 94.4 MPH) Eric Waugaman to second Runner from 2nd tries for 3rd, SAFE, no throw by CF
|
|
Batting: RHB Dusty Camelli
|
0-0: Ball 1-0: Foul Ball, location: 2F 1-1: Ball 2-1: Fielders Choice at 2nd, 6-4 (Groundball, 6, EV 85.0 MPH)
|
| Bottom of the 8th over - 4 runs, 6 hits, 0 errors, 2 left on base; Quad Cities 3 - Bowling Green 10 |
| TOP OF THE 9TH |
|
Quad Cities River Bandits batting - Pitching for Bowling Green Hot Rods : RHP Cameron Bianchi
|
|
Batting: RHB Jordan Williams
|
0-0: Called Strike 0-1: Called Strike 0-2: SINGLE (Groundball, 34D, EV 98.8 MPH)
|
|
Batting: RHB Kieron Clark
|
0-0: Fly out, F9 (Flyball, 9S, EV 90.6 MPH)
|
|
Batting: RHB Xavier Castaneda
|
0-0: SINGLE (Groundball, 4, EV 97.5 MPH) Jordan Williams to second
|
|
Batting: RHB Nick Deegan
|
0-0: Called Strike 0-1: Ball 1-1: Ball 2-1: Fly out, F5 (Popup, 56S, EV 73.8 MPH)
|
|
Batting: RHB Elijah Hunter
|
0-0: Fly out, F9 (Line Drive, 89M, EV 87.5 MPH)
|
| Top of the 9th over - 0 runs, 2 hits, 0 errors, 2 left on base; Quad Cities 3 - Bowling Green 10 |
|